 Dungeon Crawl Stone Soup version 0.24-a0-715-g0b739ee41d (webtiles) character file.

Game seed: 15831096346979700073, levelgen mode: deterministic

594 mooncript the Poker (level 7, -3/52 HPs)
             Began as a Demonspawn Abyssal Knight on Sept 30, 2019.
             Was a Priest of Lugonu.
             Slain by a slave (5 damage)
             ... led by Pikel
             ... on level 3 of the Dungeon.
             The game lasted 00:26:03 (4384 turns).

mooncript the Poker (Demonspawn Abyssal Knight)     Turns: 4384, Time: 00:26:04

Health: -3/52      AC: 14    Str: 15    XL:     7   Next: 16%
Magic:  7/8        EV:  4    Int: 13    God:    Lugonu [***...]
Gold:   35         SH:  0    Dex: 16    Spells: 6/6 levels left

rFire    . . .     SeeInvis .   a - +2 spear
rCold    + . .     Gourm    .   (no shield)
rNeg     . . .     Faith    .   d - +2 plate armour
rPois    .         Spirit   .   o - +0 helmet
rElec    .         Reflect  .   (no cloak)
rCorr    .         Harm     .   (no gloves)
MR       .....                  (no boots)
Stlth    ..........             (no amulet)
HPRegen  0.17/turn              p - +4 ring of dexterity
MPRegen  0.11/turn              (no ring)

@: no status effects
A: talons 2, cold resistance 1, demonic guardian 1, freezing cloud immunity
a: Depart the Abyss, Bend Space, Banish, Renounce Religion


You were on level 3 of the Dungeon.
You worshipped Lugonu.
Lugonu was most pleased with you.
You were not hungry.

You visited 1 branch of the dungeon, and saw 4 of its levels.
You visited the Abyss 1 time.

You collected 155 gold pieces.
You spent 120 gold pieces at shops.

Inventory:

Hand Weapons
 a - a +2 spear (weapon)
 n - a +0 trident
Armour
 d - a +2 plate armour (worn)
 o - a +0 helmet (worn)
Jewellery
 i - a cursed amulet of inaccuracy
 p - a +4 ring of dexterity (left hand)
Wands
 m - a wand of digging (2)
Scrolls
 e - a scroll of amnesia
 h - a scroll of identify
Potions
 b - a potion of cancellation
 f - 2 potions of brilliance
 q - 2 potions of curing
Comestibles
 c - 13 rations


   Skills:
 - Level 3.1 Fighting
 * Level 6.2 Polearms
 + Level 4.0 Armour
 - Level 0.8 Dodging
 - Level 0.1 Stealth
 - Level 2.4 Invocations


You had 6 spell levels left.
You didn't know any spells.
Your spell library was empty.

Dungeon Overview and Level Annotations

Branches:
Dungeon (4/15)
 Temple: D:4-7

Altars:
Nemelex Xobeh
Sif Muna
Vehumet

Shops:
D:4 *

Annotations:
D:4 Pikel


Innate Abilities, Weirdness & Mutations

You have razor-sharp toenails.
Your flesh is cold resistant. (rC+)
A weak demonic guardian rushes to your aid.
You are immune to freezing clouds.


Message History

Pikel zaps a wand.
Your white imp barely resists.
There is a stone staircase leading up here.
You can't go down here!
Magic restored.
The slave hits you but does no damage.
You climb upwards.
There is a stone staircase leading down here.
Space bends around you!
You blink.
You are too injured to fight recklessly!
You are too injured to fight recklessly!
You are too injured to fight recklessly!
As you read the scroll labeled DYCEOM MASODD, it crumbles to dust.
It is a scroll of enchant weapon.
Your +1 spear glows red for a moment.
You are too injured to fight recklessly!
The slave hits you but does no damage.
You hit the slave.
The slave is lightly wounded.
The slave hits you.
You die...

########### #.........#
#.........####
#............#
#............# ######
#............######.....
#......@p..>.+..........
#########....####.#...#.
#....# #.###.#. #....#
#....... #....#
#####รท## #....# #.#.
###'## #... #.# #...
###########.# #...


You could see a slave.

Vanquished Creatures
  A slave (D:4)
  A hound (D:4)
  3 orc wizards (D:4)
  3 worker ants (D:4)
  Robin (D:2)
  8 adders
  2 worms
  3 dart slugs
  3 leopard geckos
  6 orcs
  12 bats
  7 giant cockroaches
  10 hobgoblins
  A jackal (D:3)
  7 kobolds
  A quokka (D:3)
  2 ball pythons
  9 frilled lizards
  14 goblins
  12 rats
106 creatures vanquished.

Vanquished Creatures (collateral kills)
  Grinder (D:3)
  Duvessa (D:4)
  A slave (D:4)
  Dowan (D:4)
  A hound zombie (D:4)
  An orc (D:4)
6 creatures vanquished.

Grand Total: 112 creatures vanquished

Notes
Turn   | Place    | Note
-------+----------+-------------------------------------------
     0 | Abyss:1  | mooncript the Demonspawn Abyssal Knight began the quest for
                  | the Orb.
     0 | Abyss:1  | Reached XP level 1. HP: 18/18 MP: 2/2
    23 | D:1      | Escaped the Abyss
   167 | D:1      | Reached skill level 2 in Polearms
   255 | D:1      | Gained mutation: A weak demonic guardian rushes to your
                  | aid. [demonic ancestry]
   255 | D:1      | Reached XP level 2. HP: 24/24 MP: 3/3
   361 | D:1      | Reached ** piety under Lugonu
   983 | D:1      | Gained mutation: You have sharp toenails. [demonic
                  | ancestry]
   983 | D:1      | Reached XP level 3. HP: 23/29 MP: 4/4
  1137 | D:2      | Noticed Robin
  1232 | D:2      | Killed Robin
  1232 | D:2      | Reached skill level 3 in Polearms
  1351 | D:2      | Found a shimmering blue altar of Sif Muna.
  1473 | D:2      | Found a sparkling altar of Nemelex Xobeh.
  1490 | D:2      | Gained mutation: Your flesh is cold resistant. (rC+)
                  | [demonic ancestry]
  1490 | D:2      | Reached XP level 4. HP: 33/35 MP: 5/5
  2011 | D:2      | Found a radiant altar of Vehumet.
  2041 | D:2      | Reached skill level 4 in Polearms
  2708 | D:3      | Reached XP level 5. HP: 33/41 MP: 6/6
  2798 | D:3      | Reached *** piety under Lugonu
  3064 | D:3      | Noticed Grinder
  3069 | D:3      | Paralysed by Grinder for 2 turns
  3084 | D:3      | Killed Grinder
  3084 | D:3      | Reached skill level 5 in Polearms
  3084 | D:3      | Gained mutation: You are immune to freezing clouds.
                  | [demonic ancestry]
  3084 | D:3      | Reached XP level 6. HP: 25/47 MP: 7/7
  3691 | D:4      | Found Ytseiw's Assorted Antiques.
  3698 | D:4      | Bought a runed fluorescent amulet for 120 gold pieces
  3706 | D:4      | Noticed Dowan
  3709 | D:4      | Noticed Duvessa
  3732 | D:4      | Killed Dowan
  3776 | D:4      | Killed Duvessa
  4005 | D:4      | Noticed a slave
  4044 | D:4      | Killed a slave
  4084 | D:4      | Gained mutation: You have razor-sharp toenails. [demonic
                  | ancestry]
  4084 | D:4      | Reached XP level 7. HP: 39/52 MP: 8/8
  4087 | D:4      | Reached skill level 6 in Polearms
  4354 | D:4      | Noticed Pikel
  4384 | D:3      | Slain by a slave

Levels and vault maps discovered:
D:1:      saegor_arrival_miasma, layout_basic
D:2:      layout_basic, lemuel_doored_altar, nicolae_overflow_hidden_temple,
          nicolae_overflow_crystal_walls, minmay_misc_feat_plants,
          minmay_tree_intersection, uniq_robin
D:3:      minmay_evil_eye, layout_basic, first_ration, uniq_grinder
D:4:      cheibrodos_helix_gallery, layout_rooms, serial_shops,
          nicolae_shop_overgrown_old_shop, uniq_pikel, uniq_duvessa

Skill      XL: |  1  2  3  4  5  6  7 |
---------------+----------------------+-----
Polearms       | 2 3 4 5 6 |  6.2
Armour         | 2 3 4 |  4.0
Fighting       | |  3.1
Dodging        | |  0.8
Stealth        | |  0.1
Invocations    | |  2.4

Action                   |  1- 3 |  4- 6 |  7- 9 || total
-------------------------+-------+-------+-------++-------
Melee: Spear             |   165 |   272 |    38 ||   475
       Kick              |     8 |    46 |    14 ||    68
Invok: Bend Space        |       |     3 |     2 ||     5
  Use: Scroll            |       |    13 |     1 ||    14
       Potion            |       |     3 |       ||     3
 Stab: Distracted        |       |     1 |       ||     1
  Eat: Chunk             |     2 |     5 |     1 ||     8
       Ration            |       |     1 |       ||     1
Armor: Plate armour      |   133 |   175 |    30 ||   338
Dodge: Dodged            |    20 |    52 |     8 ||    80

Table legend:
 A = Non-vault XP
 B = Vault XP
 C = Vault XP percentage of total XP
 D = Non-vault monster count
 E = Vault monster count
 F = Vault count percentage of total count
                 A         B        C        D         E       F
            +---------+---------+-------+---------+---------+-------
      Total |     431 |     418 |  49.2 |      91 |      19 |  17.3
            +---------+---------+-------+---------+---------+-------
        D:1 |      41 |       3 |   6.8 |      25 |       2 |   7.4
        D:2 |     121 |      25 |  17.1 |      27 |       6 |  18.2
        D:3 |      53 |     213 |  80.1 |      23 |       7 |  23.3
        D:4 |     216 |     177 |  45.0 |      16 |       4 |  20.0
            +---------+---------+-------+---------+---------+-------
